 Dungeon Crawl Stone Soup version 0.28-a0-313-gbc0475efdd (webtiles) character file.

Game seed: 7691702871795045660

1087 cheerful the Covered (level 8, -1/103 HPs)
             Began as a Hill Orc Fighter on Aug 31, 2021.
             Was a Believer of Yredelemnul.
             Slain by an unseen horror (5 damage)
             ... on level 5 of the Dungeon.
             The game lasted 01:16:56 (6108 turns).

cheerful the Covered (Hill Orc Fighter)             Turns: 6108, Time: 01:16:56

Health: -1/103     AC: 24    Str: 20    XL:     8   Next: 30%
Magic:  9/9        EV:  2    Int:  8    God:    Yredelemnul [**....]
Gold:   295        SH: 15    Dex: 11    Spells: 6/7 levels left

rFire   . . .      SeeInvis .   n - +0 hand axe
rCold   . . .      Faith    .   c - +1 kite shield
rNeg    + + +      Spirit   .   (armour currently unavailable)
rPois   +          Reflect  +   (helmet currently unavailable)
rElec   .          Harm     .   (cloak currently unavailable)
rCorr   .          Rampage  .   (gloves currently unavailable)
Will    .....      NoTele   +   (boots currently unavailable)
Stlth   +.........              j - amulet of reflection
HPRegen 0.27/turn               (no ring)
MPRegen 0.11/turn               (no ring)

@: tree-form, on berserk cooldown, slowed, very slow
A: stationary, stasis, torment immunity, boosted hp
a: Renounce Religion, Animate Remains, Recall Undead Slaves, Injury Mirror


You were on level 5 of the Dungeon.
You worshipped Yredelemnul.
Yredelemnul was pleased with you.
You were a tree.
You visited 1 branch of the dungeon, and saw 5 of its levels.

You collected 295 gold pieces.

Inventory:

Hand Weapons
 d - a +3 whip
 f - a +0 shortbow
 g - a +3 halberd
 m - a +0 hand axe
 n - a +0 hand axe (weapon)
 p - a +2 dagger of speed
 q - a +0 hand axe
 A - a +0 hand axe
 D - a +0 hunting sling
Missiles
 a - 45 bolts
 e - 17 sling bullets
 r - 31 arrows
 v - 15 poisoned darts (quivered)
 B - 115 stones
 C - 4 boomerangs
Armour
 b - a +0 helmet (melded)
 c - a +1 kite shield (worn)
 i - a +0 pair of gloves (melded)
 l - a +0 cloak (melded)
 x - a +0 plate armour (melded)
Jewellery
 j - an amulet of reflection (around neck)
Wands
 t - a wand of flame (18)
Scrolls
 s - a scroll of holy word {unknown}
 y - a scroll of amnesia {unknown}
 E - a scroll of enchant weapon {unknown}
Potions
 k - a potion of might
 o - a potion of degeneration


   Skills:
 + Level 5.4 Fighting
 + Level 3.1 Long Blades
 + Level 3.7(4.9) Axes
 + Level 4.0(4.5) Maces & Flails
 + Level 0.5 Slings
 + Level 0.1(0.3) Throwing
 + Level 5.8 Armour
 + Level 0.4 Dodging
 + Level 0.1 Stealth
 + Level 5.8 Shields
 + Level 0.1 Spellcasting
 + Level 1.1 Conjurations
 + Level 0.7 Air Magic
 + Level 1.8 Invocations
 + Level 0.1 Evocations


You had 6 spell levels left.
You knew the following spells:

 Your Spells              Type           Power      Damage    Failure   Level
a - Shock                 Conj/Air       4%         1d3       67%         1

Your spell library contained the following spells:

 Spells                   Type           Power      Damage    Failure   Level


Dungeon Overview and Level Annotations

Branches:
Dungeon (5/15)
 Temple: D:4-7

Altars:
Cheibriados
Yredelemnul

Shops:
D:2 :


Message History

Something hits you.
* * * LOW HITPOINT WARNING * * *
You cannot move.
You cannot move.
You cannot move.
You cannot move.
You cannot move.
Something hits you but does no damage.
You cannot move.
You cannot move.
You cannot move.
Something hits your dart slug zombie!
Your dart slug zombie is destroyed!
You block something's attack. Something hits you but does no damage.
Something completely misses your scorpion zombie.
Something hits you but does no damage. Something hits you but does no damage.
You block something's attack. Something hits your scorpion zombie.
Casting: Shock (safe; 67% risk of failure)
Confirm with . or Enter, or press ? or * to list all spells.
Okay, then.
Casting: Shock (safe; 67% risk of failure)
Confirm with . or Enter, or press ? or * to list all spells.
Okay, then.
Casting: Shock (safe; 67% risk of failure)
Confirm with . or Enter, or press ? or * to list all spells.
Okay, then.
Casting: Shock (safe; 67% risk of failure)
Confirm with . or Enter, or press ? or * to list all spells.
Okay, then.
Cleave: n) +0 hand axe
Press: ? - help, Dir - move target, f - you
Okay, then.
Aiming: Throw Flame
Press: ? - help, Shift-Dir - straight line The puff of flame hits something.
Something completely misses you. Something hits you.
You die...
Your body rises from the dead as a mindless zombie.

#....(...#
#.####.#.# #.#
#.#.# #
#.####.#.#.####
#.§............#
#........#.###.#
# #.##.....#.#
#.#.##....## .
#....♣Z#.## ##
###.####§# #.#
#.# #.# #.# #..
... ### ... ...
.....


You could see a friendly scorpion zombie.

Vanquished Creatures
  A necrophage (D:4)
  An orc warrior (D:4)
  An ogre (D:4)
  A centaur (D:4)
  3 scorpions
  A wyvern skeleton (D:5)
  A hound (D:4)
  4 iguanas
  2 orc wizards (D:4)
  16 gnolls
  2 adders (D:3)
  A worm (D:2)
  3 dart slugs
  13 orcs
  4 ball pythons
  A bat (D:2)
  10 endoplasms
  5 giant cockroaches
  7 goblins
  9 hobgoblins
  A kobold (D:2)
  5 quokkas
  8 frilled lizards
  5 rats
105 creatures vanquished.

Vanquished Creatures (collateral kills)
  An orc priest (D:4)
  A gnoll (D:4)
  A dart slug (D:5)
  2 orcs (D:4)
5 creatures vanquished.

Vanquished Creatures (others)
  A centaur zombie (D:4)
  A dart slug zombie (D:5)
  A giant cockroach zombie (D:4)
  A gnoll zombie (D:4)
  A hobgoblin zombie (D:4)
  An iguana zombie (D:5)
  A necrophage skeleton (D:4)
  6 orc zombies (D:4)
  A scorpion zombie (D:5)
  2 fungi (D:3)
  4 plants (D:3)
20 creatures vanquished.

Grand Total: 130 creatures vanquished

Notes
Turn   | Place    | Note
-------+----------+-------------------------------------------
     0 | D:1      | cheerful the Hill Orc Fighter began the quest for the Orb.
     0 | D:1      | Reached XP level 1. HP: 19/19 MP: 1/1
    78 | D:1      | Reached XP level 2. HP: 21/27 MP: 2/2
   421 | D:1      | Reached XP level 3. HP: 32/33 MP: 3/3
   892 | D:1      | Reached skill level 1 in Maces & Flails
  1141 | D:2      | Reached XP level 4. HP: 28/40 MP: 4/4
  1518 | D:2      | Found Qacsan's Book Shop.
  1736 | D:1      | Reached XP level 5. HP: 38/46 MP: 5/5
  2828 | D:3      | Found a faded altar of an unknown god.
  2852 | D:3      | Got Plato's Incunabulum of Combat Magic
  2859 | D:3      | Learned a level 1 spell: Shock
  3521 | D:4      | Found a snail-covered altar of Cheibriados.
  3571 | D:3      | Became a worshipper of Yredelemnul the Dark
  3571 | D:3      | Reached * piety under Yredelemnul
  3693 | D:4      | Noticed a necrophage
  3707 | D:4      | Killed a necrophage
  3708 | D:4      | Reached skill level 5 in Fighting
  3708 | D:4      | Reached skill level 5 in Armour
  3708 | D:4      | Reached XP level 6. HP: 51/56 MP: 6/6
  4242 | D:4      | Reached XP level 7. HP: 44/61 MP: 7/7
  4611 | D:4      | Reached skill level 5 in Shields
  4752 | D:4      | Reached skill level 1 in Invocations
  4953 | D:4      | Reached skill level 1 in Axes
  5004 | D:4      | Reached ** piety under Yredelemnul
  5132 | D:4      | Reached XP level 8. HP: 51/68 MP: 4/9
  5691 | D:5      | Entered Level 5 of the Dungeon
  5795 | D:5      | Reached skill level 1 in Conjurations
  6097 | D:5      | HP: 5/103 [something (7)]
  6101 | D:5      | HP: 1/103 [something (4)]
  6108 | D:5      | Slain by an unseen horror

Illustrated notes

Levels and vault maps discovered:
D:1:      minmay_arrival_semitransparent, layout_basic, minmay_cut_off
D:2:      layout_loops_ring, serial_shops, shop
D:3:      layout_basic, shapermc_ecumenical_altar_rom_forum,
          nicolae_underground_beach
D:4:      layout_basic, mainiacjoe_overflow_alcove_1, dk_noncrumbling_2
D:5:      layout_loops_corners, uniq_blork_the_orc

Skill      XL: |  1  2  3  4  5  6  7  8 |
---------------+-------------------------+-----
Fighting       | 4 5 |  5.4
Maces & Flails | 1 2 3 4 |  4.0
Armour         | 4 5 |  5.8
Long Blades    | 3 |  3.1
Shields        | 4 5 |  5.8
Invocations    | 1 |  1.8
Axes           | 2 3 |  3.7
Conjurations   | 1 |  1.1
Slings         | |  0.5
Throwing       | |  0.1
Dodging        | |  0.4
Stealth        | |  0.1
Spellcasting   | |  0.1
Air Magic      | |  0.7
Evocations     | |  0.1

Action                   |  1- 3 |  4- 6 |  7- 9 || total
-------------------------+-------+-------+-------++-------
Melee: Long sword        |    44 |       |       ||    44
       Whip              |    41 |   226 |    30 ||   297
       Hand axe          |       |       |   140 ||   140
 Fire: Hunting sling     |       |       |    10 ||    10
Throw: Throwing net      |       |     2 |     1 ||     3
       Stone             |       |     1 |       ||     1
       Dart              |       |       |     1 ||     1
Invok: Animate Remains   |       |     2 |    18 ||    20
       Recall Undead Sla |       |       |     1 ||     1
Evoke: Wand              |       |     2 |     1 ||     3
  Use: Scroll            |     1 |     4 |     2 ||     7
       Potion            |     2 |     1 |     3 ||     6
Armor: Scale mail        |    28 |    58 |       ||    86
       Chain mail        |       |    50 |     7 ||    57
       Plate armour      |       |       |    89 ||    89
       Skin              |       |       |     5 ||     5
Dodge: Dodged            |    23 |    70 |    23 ||   116
Block: Kite shield       |    37 |   116 |   134 ||   287
       Reflection        |       |       |     2 ||     2

Table legend: (Time is in decaauts)
 A = Elapsed time spent in this place.
 B = Non-inter-level travel time spent in this place.
 C = Inter-level travel time spent in this place.
 D = Time resting spent in this place.
 E = Time spent auto-exploring this place.
 F = Levels seen in this place.
 G = Mean time per level.
                   A        B        C        D        E       F      G
               +--------+--------+--------+--------+--------+-----+--------+
         Total |   6248 |   6245 |      3 |    948 |   1563 |   5 | 1249.6 |
       Dungeon |   6248 |   6245 |      3 |    948 |   1563 |   5 | 1249.6 |
               +--------+--------+--------+--------+--------+-----+--------+

Top non-repeatable levels by time:
     D:4: 1967 daAuts
     D:3: 1732 daAuts
     D:1: 1179 daAuts
     D:2: 932 daAuts
     D:5: 435 daAuts
